Unix NetHack Version 5.0.0-0 post-release - last build Jun 10 2026 00:39:30 (3ee93aec679c4c4259841fe613dc97188e26a321,branch:main).

Game began 2026-06-16 18:50:27, ended 2026-06-16 19:47:39.

LDaviesPeters, neutral female human Archeologist

                ......^.|
               .........---  ---
              -...........--.*@G
              |................h|.--
              --..................<-
               |....--.*...|..--....
                               ---

LDaviesPeters the Field Worker  St:12 Dx:12 Co:14 In:13 Wi:16 Ch:10  Neutral
Dlvl:3  $:0  HP:0(28) Pw:22(22) AC:3  Xp:4 T:2899 

Latest messages:
 You lash the kobold lady.
 The kobold lady hits!
 You kill the kobold lady!
 You see here 10 darts.
 You hear someone counting gold coins.
 The kitten bites the bat.
 The bat is killed!
 Your kitten eats a bat corpse.
 You hear someone cursing shoplifters.
 You see here an unlocked large box containing 10 items.
 You see here a locked chest.
 Pick a monster, object or location.
 b        a blob (peaceful acid blob)
 The kitten misses the acid blob.
 You climb up the stairs.
 You miss the newt.
 The newt bites!
 You miss the newt.
 The newt misses!
 You kill the newt!
 You see here a newt corpse.
 There is a newt corpse here; eat it? [ynq] (n) y
 This newt corpse is stringy.
 You finish eating the newt corpse.
 You feel a mild buzz.
 You descend the stairs.
 What do you want to use or apply? [abfglpr or ?*] b
 You put 34 gold pieces into the sack.
 You put a murky potion into the sack.
 You hear crashing rock.
 Pick a monster, object or location.
 *        a gem or rock (a rock)
 You find a falling rock trap.
 The arrow hits the gnome.
 You hear a B note squeak in the distance.
 You lash the gnome.
 You miss the gnome.
 You kill the gnome!
 You find a squeaky board.
 You swap places with your kitten.
 The dwarf swings his broad pick.
 The dwarf hits!
 You miss the dwarf.
 The dwarf swings his broad pick.
 The dwarf hits!
 You lash the dwarf.
 The dwarf swings his broad pick.
 The dwarf hits!
 You die...
 Do you want your possessions identified? [ynq] (y) q

Inventory:
 Weapons  (')')
  n - 8 +3 ya
  a - a +2 bullwhip (weapon in right hand)
 Armor    ('[')
  k - an uncursed +0 orcish helm (being worn)
  u - an uncursed +0 pair of iron shoes (being worn)
  M - an uncursed +0 shield of reflection (being worn)
  O - an uncursed +1 cloak of invisibility
  I - an uncursed fireproof +0 cloak of magic resistance (being worn)
  h - an uncursed +0 leather jacket (being worn)
 Comestibles  ('%')
  d - 5 uncursed food rations
 Scrolls  ('?')
  S - an uncursed scroll of teleportation
 Wands    ('/')
  r - a wand of cancellation (0:6)
 Tools    ('(')
  l - an empty uncursed oilskin sack
  b - an uncursed sack containing 6 items
  p - a +0 pick-axe
  f - a tinning kit (0:58)
 Gems/Stones  ('*')
  o - 2 uncursed jet stones
  q - an uncursed topaz stone
  g - an uncursed touchstone

Contents of the sack:
  108 gold pieces
  an uncursed +0 alchemy smock with text "If you don't like the food, I'll stab you"
  an uncursed +0 robe
  an uncursed potion of monster detection
  an uncursed potion of restore ability
  an uncursed potion of confusion

LDaviesPeters the Archeologist's attributes:

Background:
 You were a Field Worker, a level 4 female human Archeologist.
 You were neutral, on a mission for Camaxtli
 who was opposed by Quetzalcoatl (lawful) and Huhetotl (chaotic).
 You were right-handed.
 You were in the Gnomish Mines, on level 3.
 You entered the dungeon 2899 turns ago.
 There was a new moon in effect when your adventure ended.
 You had 105 experience points, 55 more were needed to attain level 5.

Basics:
 You had 0 out of 28 hit points.
 You had all 22 energy points (spell power).
 Your armor class was 3.
 Your wallet was empty, but
 you had 108 zorkmids stashed away in your pack.
 Autopickup was off.

Final Characteristics:
 Your strength was 12 (limit:18/100).
 Your dexterity was 12 (limit:18).
 Your constitution was 14 (limit:18).
 Your intelligence was 13 (limit:18).
 Your wisdom was 16 (limit:18).
 Your charisma was 10 (limit:18).

Final Status:
 You weren't hungry.
 You were unencumbered.
 You were wielding a whip.
 You had basic skill with whip.

Final Attributes:
 You were piously aligned.
 You were magic-protected.
 You were telepathic.
 You had automatic searching.
 You were warded.
 You had reflection.
 You are dead.

Miscellaneous:
 You didn't encounter any bones levels.
 Total elapsed playing time was 57 minutes and 11 seconds.

Major events:
 Turn
    1: LDaviesPeters the neutral female human Archeologist entered the dungeon
  388: entered the Gnomish Mines
 1781: attained the rank of Field Worker (level 3)
 2899: killed by a dwarf

Spells:
 Name                 Level Category     Fail Retention
 magic missile          2   attack       100%  76%-100%

Skills:
 Fighting Skills
   bare handed combat [Unskilled]
   two weapon combat  [Unskilled]
   riding             [Unskilled]
 Weapon Skills
   dagger             [Unskilled]
   knife              [Unskilled]
   pick-axe           [Basic]
   short sword        [Unskilled]
   saber              [Unskilled]
   club               [Unskilled]
   quarterstaff       [Unskilled]
   sling              [Unskilled]
   dart               [Unskilled]
   boomerang          [Unskilled]
   whip               [Basic]
   unicorn horn       [Unskilled]
 Spellcasting Skills
   attack spells      [Unskilled]
   healing spells     [Unskilled]
   divination spells  [Unskilled]
   matter spells      [Unskilled]

Voluntary challenges:
 Character rerolling was not enabled.
 You never genocided any monsters.
 You never polymorphed an object.
 You never changed form.
 You used no wishes.
Achievements:
 You entered the Gnomish Mines.
 You entered a shop.
 You attained the rank of Field Worker.

 The Dungeons of Doom: levels 1 to 6
    Level 1:
       Some altars.
    Level 2:
       A fountain.
       Stairs down to The Gnomish Mines.
    Level 3:
       An armor shop, some fountains.
    Level 4:
    Level 5:
       A fountain.
    Level 6:
 The Gnomish Mines:
    Level 3: <- You were here.
       Final resting place for
          you, killed by a dwarf.


Vanquished creatures:
  a floating eye
  a homunculus
  a kobold leader
  a rabid rat
 an iguana
 an acid blob
  a hobbit
  2 manes
  a hobgoblin
  2 yellow molds
  2 gnomes
  a gnome zombie
  2 geckos
  3 jackals
  a kobold
  2 goblins
  a sewer rat
  6 grid bugs
  2 bats
  4 lichens
  7 newts
43 creatures vanquished.

No species were genocided or became extinct.

Game over:
                       ----------
                      /          \
                     /    REST    \
                    /      IN      \
                   /     PEACE      \
                  /                  \
                  |  LDaviesPeters   |
                  |      108 Au      |
                  |   killed by a    |
                  |      dwarf       |
                  |                  |
                  |                  |
                  |       2026       |
                 *|     *  *  *      | *
        _________)/\\_//(\/(/\)/\//\/|_)_______

Goodbye LDaviesPeters the Archeologist...

You died in The Gnomish Mines on dungeon level 3 with 768 points,
and 108 pieces of gold, after 2899 moves.
You were level 4 with a maximum of 28 hit points when you died.

